 Dungeon Crawl Stone Soup version 0.29.1-1-gd02db6906a (webtiles) character file.

Game seed: 15604110058648376284

9 Descartes the Scratcher (level 2, -2/12 HPs)
             Began as a Felid Transmuter on Sept 24, 2022.
             Slain by a kobold
             ... wielding a +0 whip
              (3 damage)
             ... on level 1 of the Dungeon.
             The game lasted 00:00:23 (252 turns).

Descartes the Scratcher (Felid Transmuter)           Turns: 252, Time: 00:00:24

Health: -2/12      AC:  1    Str:  6    XL:     2   Next: 6%
Magic:  5/6        EV: 17    Int: 14    God:
Gold:   11         SH:  0    Dex: 16    Spells: 4/5 levels left
                                        Lives:  0   Deaths: 0

rFire   . . .      SeeInvis +     - Unarmed
rCold   . . .      Faith    .   (shield unavailable)
rNeg    . . .      Spirit   .   (body armour unavailable)
rPois   .          Reflect  .   (helmet unavailable)
rElec   .          Harm     .   (cloak unavailable)
rCorr   .          Rampage  .   (gloves unavailable)
Will    .....                   (boots unavailable)
Stlth   ++........              (no amulet)
HPRegen 0.04/turn               (no ring)
MPRegen 0.10/turn               (no ring)

@: appendages, quick
A: horns 2, very small, claws 1, fangs 3, see invisible, speed 1, shaggy fur 1,
stealthy paws, no weapons or thrown items, no armour, multi-lived
a: End Transformation


You were on level 1 of the Dungeon.
You had temporarily grown beastly horns.
You visited 1 branch of the dungeon, and saw 1 of its levels.

You collected 11 gold pieces.

Inventory:

Scrolls
 b - a scroll of teleportation {unknown}
 c - 3 scrolls of vulnerability {unknown}
Potions
 a - a potion of lignification


   Skills:
 + Level 1.1 Fighting
 * Level 3.0 Dodging
 * Level 1.0 Stealth
 * Level 3.1 Unarmed Combat
 + Level 2.0 Spellcasting
 + Level 2.3 Transmutations


You had 4 spell levels left.
You knew the following spells:

 Your Spells              Type           Power      Damage    Failure   Level
a - Beastly Appendage     Tmut           14%        N/A       10%         1

Your spell library contained the following spells:

 Spells                   Type           Power      Damage    Failure   Level
 Wereblood                Tmut           7%         N/A       14%         2
 Spider Form              Tmut/Pois      4%         N/A       41%         3
 Ice Form                 Ice/Tmut       4%         N/A       82%         4


Dungeon Overview and Level Annotations

Branches:
Dungeon (1/15)

Altars:


Innate Abilities, Weirdness & Mutations

You have temporarily grown beastly horns.
You have sharp claws.
You have razor-sharp teeth.
You have supernaturally acute eyesight. (SInv)
You cover ground quickly. (Speed+)
You are covered in fur. (AC +1)
Your paws help you pounce on unaware monsters.
You are incapable of wielding weapons or throwing items.
You cannot wear armour.
You gain extra lives every three experience levels.


Message History

Found an escape hatch in the floor.
The goblin shouts!
You hear a bark!
A jackal comes into view.
The jackal barks! x2
Casting: Beastly Appendage (safe; 10% risk of failure)
Confirm with . or Enter, or press ? or * to list all spells.
You grow a pair of large bovine horns.
A jackal comes into view.
You barely miss the goblin.
A kobold comes into view. It is wielding a +0 whip.
The goblin closely misses you. The jackal barely misses you.
You scratch the jackal.
You kill the jackal!
The jackal bites you. The goblin misses you.
You barely miss the goblin. The jackal bites you.
The goblin closely misses you.
You closely miss the goblin. The jackal bites you.
The goblin barely misses you. The jackal closely misses you.
You are too injured to fight recklessly!
The jackal attacks as you move away!
The jackal bites you but does no damage.
The jackal attacks as you move away! The jackal misses you.
Your horns disappear.
The jackal attacks as you move away! The jackal barely misses you.
The jackal attacks as you move away! The jackal completely misses you.
The jackal misses you.
You closely miss the jackal. You claw the jackal. You bite the jackal.
You kill the jackal!
Your Stealth skill increases to level 1!
You have reached level 2!
Casting: Beastly Appendage (safe; 10% risk of failure)
Confirm with . or Enter, or press ? or * to list all spells.
You grow a pair of large bovine horns.
You barely miss the goblin. The goblin hits you with a +0 club.
* * * LOW HITPOINT WARNING * * *
You scratch the goblin.
You kill the goblin!
Your Dodging skill increases to level 3!
The kobold hits you with a +0 whip.
You die...

#.#...#.# #### #.###.#.#
#+#.... #.# #.#.# .......
#.# #.#.# ....... #..
#.#.#.# ....... #.#.#.#
....... #.#.#.#
#######....>..
#.#.#.#######.............
#.#.#.##...@K.............
#.#.#.#..###...####.......
#.#.#.#.####...# .......
#.#.#.....##...# .......
#.#.......##...# ##.....
#.#.#.#...##...# .....
#.#.#.+...+.#+## .....
#.#.###...#. #.#># #####


You could see a kobold.

Vanquished Creatures
  2 endoplasms (D:1)
  A giant cockroach (D:1)
  2 goblins (D:1)
  2 jackals (D:1)
7 creatures vanquished.

Notes
Turn   | Place    | Note
-------+----------+-------------------------------------------
     0 | D:1      | Descartes the Felid Transmuter began the quest for the Orb.
     0 | D:1      | Reached XP level 1. HP: 9/9 MP: 4/4
    64 | D:1      | Found a faded altar of an unknown god.
   249 | D:1      | Reached skill level 1 in Stealth
   249 | D:1      | Reached XP level 2. HP: 4/12 MP: 6/6
   252 | D:1      | Slain by a kobold

Illustrated notes

Levels and vault maps discovered:
D:1:      mrwooster_arrival_arrow, layout_basic, basic_ecumenical_altar

Skill      XL: |  1  2 |
---------------+-------+-----
Stealth        | 1 |  1.0
Dodging        | 3 |  3.0
Fighting       | |  1.1
Unarmed Combat | |  3.1
Spellcasting   | |  2.0
Transmutations | |  2.3

Action                   || total
-------------------------++-------
Melee: Unarmed           ||    12
       Punch             ||     2
       Bite              ||     1
 Cast: Beastly Appendage ||     2
 Stab: Sleeping          ||     2
Armor: Skin              ||     1
Dodge: Dodged            ||    13
